 Dungeon Crawl Stone Soup version 0.25-a0-251-g572059c536 (webtiles) character file.

Game seed: 7258733549390283352, levelgen mode: classic

116 Borgoz the Twirler (level 5, -2/32 HPs)
             Began as a Gargoyle Gladiator on Dec 4, 2019.
             Killed by divine providence
             ... invoked by an orc priest
              (17 damage)
             ... on level 3 of the Dungeon.
             The game lasted 00:04:08 (1758 turns).

Borgoz the Twirler (Gargoyle Gladiator)             Turns: 1758, Time: 00:04:09

Health: -2/32      AC:  8    Str: 17 (19) XL:     5   Next: 0%
Magic:  5/5        EV: 12    Int:  7 (8)  God:
Gold:   111        SH:  0    Dex:  8 (11) Spells: 4/4 levels left

rFire    . . .     SeeInvis .   a - +1 quarterstaff
rCold    + . .     Gourm    .   (shield currently unavailable)
rNeg     + . .     Faith    .   b - +0 leather armour
rPois    ∞         Spirit   .   c - +0 helmet
rElec    +         Reflect  .   (no cloak)
rCorr    .         Harm     .   (no gloves)
MR       +....                  (no boots)
Stlth    +.........             e - amulet of rage
HPRegen  0.10/turn              n - ring of protection from cold
MPRegen  0.09/turn              o - ring of protection from magic

@: no status effects
A: negative energy resistance 1, electricity resistance, unbreathing,
petrification resistance, rot immunity, AC +4
a: Evoke Berserk Rage


You were on level 3 of the Dungeon.
You were not hungry.

You visited 1 branch of the dungeon, and saw 3 of its levels.

You collected 111 gold pieces.

Inventory:

Hand Weapons
 a - a +1 quarterstaff (weapon)
Missiles
 d - 3 throwing nets (quivered)
Armour
 b - a +0 leather armour (worn)
 c - a +0 helmet (worn)
Jewellery
 e - an amulet of rage (around neck)
 l - an uncursed amulet of regeneration
 n - a ring of protection from cold (left hand)
 o - a ring of protection from magic (right hand)
Scrolls
 h - 2 scrolls of remove curse
 i - a scroll of fog
 m - a scroll of amnesia
 p - a scroll of blinking
 q - a scroll of teleportation
Potions
 r - a potion of brilliance {unknown}
Comestibles
 f - 6 rations
 g - 3 chunks of flesh


   Skills:
 * Level 3.5 Fighting
 * Level 3.8 Staves
 - Level 1.7 Throwing
 * Level 3.2 Dodging
 + Level 1.0 Evocations


You had 4 spell levels left.
You didn't know any spells.
Your spell library contained the following spells:

 Spells                   Type           Power        Failure   Level  Hunger
 Animate Skeleton         Necr           N/A          50%         1    ##.....
 Apportation              Tloc           #.....       50%         1    ##.....
 Confusing Touch          Hex            #.....       50%         1    ##.....
 Summon Small Mammal      Summ           #...         50%         1    ##.....


Dungeon Overview and Level Annotations

Branches:
Dungeon (3/15)

Altars:
Nemelex Xobeh


Innate Abilities, Weirdness & Mutations

You are resistant to torment.
Your stone body is resilient. (AC +4)
You are immune to poison.
You resist negative energy. (rN+)
You are resistant to electric shocks. (rElec)
You can survive without breathing.
You are immune to petrification.
You are immune to rotting.


Message History

The orc barely misses you.
The orc priest hits you but does no damage.
It was a potion of degeneration.
There was something very wrong with that liquid.
You feel weakened.
You feel dopey.
You feel clumsy. The orc barely misses you.
You feel better. The orc hits you but does no damage.
You closely miss the orc. The orc hits you but does no damage.
The orc priest casts a cantrip, but nothing happens.
The orc priest begins to cast a cantrip, but forgets the words!
You hit the orc but do no damage. The orc hits you but does no damage.
The orc priest invokes the aid of Beogh against you.
Beogh smites you! The orc hits you but does no damage.
You hit the orc.
The orc is moderately wounded.
The orc barely misses you.
The orc priest invokes the aid of Beogh against you.
Beogh smites you!
Ouch! That really hurt!
You die...

. #.#
##.....# #.
#.#
#.....####.
#####.#
#..........
#.....#
#....######
#.....#
######
#.....#
#.....#
#.....#
###@### #o#
......oo#
######.o#
#..# #...
#..# ....
##..


You could see 2 orc priests and 2 orcs.

Vanquished Creatures
  5 adders
  An ooze (D:3)
  A worm (D:2)
  A dart slug (D:1)
  3 leopard geckos
  2 ball pythons (D:2)
  6 bats
  2 giant cockroaches
  11 goblins
  5 hobgoblins
  2 jackals (D:3)
  6 kobolds
  4 frilled lizards
  9 rats
58 creatures vanquished.

Notes
Turn   | Place    | Note
-------+----------+-------------------------------------------
     0 | D:1      | Borgoz the Gargoyle Gladiator began the quest for the Orb.
     0 | D:1      | Reached XP level 1. HP: 12/12 MP: 1/1
    54 | D:1      | Reached XP level 2. HP: 15/18 MP: 2/2
   652 | D:1      | Reached XP level 3. HP: 22/22 MP: 3/3
   900 | D:2      | Reached XP level 4. HP: 22/28 MP: 4/4
  1386 | D:2      | Found a sparkling altar of Nemelex Xobeh.
  1623 | D:3      | Reached skill level 1 in Evocations
  1655 | D:3      | Reached XP level 5. HP: 27/32 MP: 5/5
  1758 | D:3      | Killed from afar by an orc priest

Levels and vault maps discovered:
D:1:      minmay_arrival_semitransparent, layout_loops_ring
D:2:      layout_basic, nemelex_xobeh_ov_fountains_minmay, first_ration
D:3:      layout_loops_ring, overflow_temple_1_default, grunt_qazlal_sundering,
          gammafunk_ghost_cemetery, minivault_24

Skill      XL: |  1  2  3  4 |
---------------+-------------+-----
Fighting       | 3 |  3.5
Dodging        | 3 |  3.2
Evocations     | 1 |  1.0
Staves         | |  3.8
Throwing       | |  1.7

Action                   |  1- 3 |  4- 6 || total
-------------------------+-------+-------++-------
Melee: Quarterstaff      |    99 |    90 ||   189
  Use: Scroll            |     8 |     1 ||     9
       Potion            |       |     2 ||     2
 Stab: Sleeping          |     1 |       ||     1
  Eat: Chunk             |       |     3 ||     3
Armor: Leather armour    |    52 |    40 ||    92
Dodge: Dodged            |    63 |    75 ||   138

Table legend:
 A = Non-vault XP
 B = Vault XP
 C = Vault XP percentage of total XP
 D = Non-vault monster count
 E = Vault monster count
 F = Vault count percentage of total count
                 A         B        C        D         E       F
            +---------+---------+-------+---------+---------+-------
      Total |     166 |       0 |   0.0 |      58 |       0 |   0.0
            +---------+---------+-------+---------+---------+-------
        D:1 |      36 |       0 |   0.0 |      20 |       0 |   0.0
        D:2 |      87 |       0 |   0.0 |      22 |       0 |   0.0
        D:3 |      43 |       0 |   0.0 |      16 |       0 |   0.0
            +---------+---------+-------+---------+---------+-------
